 Dungeon Crawl Stone Soup version 0.28.0-45-g0d030f2227 (webtiles) character file.

Game seed: 3036699168352868563

147 Peloso the Covered (level 5, 47/47 HPs)
             Began as a Minotaur Fighter on Apr 4, 2022.
             Got out of the dungeon alive.
             The game lasted 00:04:45 (2995 turns).

Peloso the Covered (Minotaur Fighter)               Turns: 2995, Time: 00:04:46

Health: 47/47      AC: 11    Str: 17 (20) XL:     5   Next: 8%
Magic:  4/4        EV:  9    Int:  2 (5)  God:
Gold:   156        SH:  4    Dex: 11 (12) Spells: 4/4 levels left

rFire   . . .      SeeInvis .   a - +0 long sword
rCold   . . .      Faith    .   c - +0 buckler
rNeg    . . .      Spirit   .   b - +0 scale mail
rPois   .          Reflect  .   (helmet restricted)
rElec   .          Harm     .   (no cloak)
rCorr   .          Rampage  .   (no gloves)
Will    .....                   (no boots)
Stlth   ..........              (no amulet)
HPRegen 0.15/turn               g - +4 ring of protection
MPRegen 0.09/turn               (no ring)

@: no status effects
A: horns 2, retaliatory headbutt
a: no special abilities


You escaped.
You visited 1 branch of the dungeon, and saw 4 of its levels.

You collected 156 gold pieces.

Inventory:

Hand Weapons
 a - a +0 long sword (weapon)
Missiles
 h - a throwing net (quivered)
Armour
 b - a +0 scale mail (worn)
 c - a +0 buckler (worn)
 t - a +1 plate armour
Jewellery
 g - a +4 ring of protection (left hand)
 o - an amulet of the acrobat
 q - a ring of poison resistance
 r - a ring of see invisible
Scrolls
 f - 2 scrolls of vulnerability
 j - 3 scrolls of identify
 k - a scroll of enchant armour
 m - a scroll of immolation
 s - a scroll of blinking
Potions
 d - a potion of might
 n - a potion of degeneration


   Skills:
 + Level 4.5 Fighting
 + Level 4.1 Long Blades
 + Level 4.8 Armour
 + Level 0.2 Dodging
 + Level 4.3 Shields


You had 4 spell levels left.
You didn't know any spells.
Your spell library contained the following spells:

 Spells                   Type           Power      Damage    Failure   Level
 Slow                     Hex            0%         N/A       95%         1
 Blink                    Tloc           0%         N/A       99%         2
 Confusing Touch          Hex            0%         N/A       100%        3
 Vampiric Draining        Necr           0%         2d6       100%        3
 Manifold Assault         Tloc           0%         N/A       100%        5
 Storm Form               Tmut/Air       0%         N/A       100%        7


Dungeon Overview and Level Annotations

Branches:
Dungeon (4/15)
 Temple: D:4-7

Altars:

Shops:
D:2 :   D:3 (


Innate Abilities, Weirdness & Mutations

You have a pair of horns on your head.
You reflexively headbutt those who attack you in melee.


Message History

What level of the Dungeon? (default 1, ? - help)
You are too confused!
You start waiting.
You feel less invigorated.
You feel less confused.
You start waiting.
You feel your willpower return.
You start waiting.
You flicker for a moment.
You start waiting.
You flicker back into view.
(D) Dungeon
Where to? (Enter - D:1 @ (x,y), ? - help)
What level of the Dungeon? (default 1, ? - help)
There is a stone staircase leading up here.
You see here a +0 spear.
There is a stone staircase leading down here.
You climb downwards.
You hear the hiss of flowing sand.
There is an entrance to an ossuary on this level.
Hurry and find it before the portal is buried!
Found a great mace.
There is a stone staircase leading up here.
(D) Dungeon
Where to? (Enter - D:9, ? - help)
What level of the Dungeon? (default 1, ? - help)
You climb upwards.
There is a stone staircase leading down here.
There is a stone staircase leading up here.
You climb upwards.
There is a stone staircase leading down here.
There is a stone staircase leading up here.
Things that are here:
4 stones; a +0 dagger
There is a stone staircase leading up here.
You climb upwards.
There is a stone staircase leading down here.
You see here 30 bolts.
There is a staircase leading out of the dungeon here.
Are you sure you want to leave the Dungeon?
This will make you lose the game!
You have escaped!

...# #.# ##### #.##.## ..##
#####.############.##.##
#.########..............##.......
#.......##..............###.#....
#######.##..#####.####..# #.#...#
#.##..#...........# #.##.##
#.....#........#..# #....##
####..#........#..# ###...#
#..#...@..[.#..####..... ##
#..#........#..##....... .##
#..#........#...(.#.>... #.#
#...........#..#####...# .##
#..####.#####..# ##.## ..######
#..............# ####.# .......#
#..............# #....# ..####.#
##########.##### #.##.# .## #.#
#.# ####.##.#


There were no monsters in sight!

Vanquished Creatures
  An orc priest (D:3)
  3 adders
  A gnoll (D:1)
  A worm (D:2)
  A dart slug (D:1)
  6 orcs (D:3)
  An endoplasm (D:2)
  4 giant cockroaches
  10 goblins
  5 hobgoblins
  A quokka (D:2)
  9 ball pythons
  8 bats
  5 frilled lizards
  8 kobolds
  3 rats
67 creatures vanquished.

Vanquished Creatures (others)
  A plant (D:1)
1 creature vanquished.

Grand Total: 68 creatures vanquished

Notes
Turn   | Place    | Note
-------+----------+-------------------------------------------
     0 | D:1      | Peloso the Minotaur Fighter began the quest for the Orb.
     0 | D:1      | Reached XP level 1. HP: 19/19 MP: 0/0
   149 | D:1      | Found a faded altar of an unknown god.
   201 | D:1      | Reached XP level 2. HP: 27/27 MP: 1/1
   567 | D:1      | Reached XP level 3. HP: 33/33 MP: 2/2
  1123 | D:2      | Found Xusem's Book Shoppe.
  1840 | D:3      | Reached XP level 4. HP: 37/40 MP: 3/3
  2220 | D:3      | Found Wocw's Antique Weapon Boutique.
  2658 | D:3      | Reached XP level 5. HP: 43/47 MP: 4/4
  2995 | D:$      | Got out of the dungeon alive.

Illustrated notes

Levels and vault maps discovered:
D:1:      lemuel_arrival_room, layout_loops_ring,
          chequers_ecumenical_altar_simple_redux, minmay_shallow_snake_nest
D:2:      layout_loops_ring, serial_shops, shop_fountains,
          hangedman_feature_mirror, st_stairs_1, minmay_puff
D:3:      minmay_razor_zed, layout_basic, serial_shops, shop
D:4:      layout_layer_cave, enter_ossuary_5

Skill      XL: |  1  2  3  4 |
---------------+-------------+-----
Armour         | 4 |  4.8
Shields        | 4 |  4.3
Fighting       | 4 |  4.5
Long Blades    | 3 4 |  4.1
Dodging        | |  0.2

Action                   |  1- 3 |  4- 6 || total
-------------------------+-------+-------++-------
Melee: Long sword        |    92 |    51 ||   143
       Headbutt          |     9 |     3 ||    12
  Use: Scroll            |       |     5 ||     5
       Potion            |       |     4 ||     4
Armor: Scale mail        |    47 |    26 ||    73
Dodge: Dodged            |    46 |    29 ||    75
Block: Buckler           |    23 |    12 ||    35
